 Dungeon Crawl Stone Soup version 0.24-a0-500-g46574c2197 (webtiles) character file.

Game seed: 13336885540217138513

7 tilp the Gusty (level 2, -2/15 HPs)
             Began as a Tengu Air Elementalist on July 15, 2019.
             Slain by a worm (11 damage)
             ... on level 2 of the Dungeon.
             The game lasted 00:02:17 (850 turns).

tilp the Gusty (Tengu Air Elementalist)              Turns: 850, Time: 00:02:19

Health: -2/15      AC:  2    Str:  8    XL:     2   Next: 4%
Magic:  4/6        EV: 12    Int: 15    God:
Gold:   54         SH:  0    Dex: 14    Spells: 4/5 levels left

rFire    . . .     SeeInvis .   (no weapon)
rCold    . . .     Gourm    .   (no shield)
rNeg     . . .     Faith    .   a - +0 robe
rPois    .         Spirit   .   (helmet restricted)
rElec    .         Reflect  .   (no cloak)
rCorr    .         Harm     .   (no gloves)
MR       .....                  (boots unavailable)
Stlth    ++........             (no amulet)
HPRegen  0.05/turn              (no ring)
MPRegen  0.10/turn              (no ring)

@: no status effects
A: beak, talons 3
a: no special abilities


You were on level 2 of the Dungeon.
You were not hungry.

You visited 1 branch of the dungeon, and saw 2 of its levels.

You collected 54 gold pieces.

Inventory:

Missiles
 i - 2 poisoned darts (quivered)
 l - 5 javelins
Armour
 a - a +0 robe (worn)
Jewellery
 k - an uncursed ring of magical power {unknown}
Scrolls
 b - a scroll of magic mapping {unknown}
 d - a scroll of random uselessness {unknown}
 g - 2 scrolls of teleportation {unknown}
 h - a scroll of enchant armour {unknown}
 m - a scroll of remove curse {unknown}
 n - a scroll of immolation {unknown}
 p - 2 scrolls of identify {unknown}
Potions
 e - a potion of degeneration {unknown}
 j - a potion of agility {unknown}
 o - a potion of heal wounds {unknown}
Comestibles
 c - 2 rations


   Skills:
 - Level 2.1 Dodging
 - Level 2.0 Stealth
 - Level 2.0 Spellcasting
 - Level 1.3 Conjurations
 + Level 4.7 Air Magic


You had 4 spell levels left.
You knew the following spells:

 Your Spells              Type           Power        Failure   Level  Hunger
a - Shock                 Conj/Air       ##..         6%          1    #......

Your spell library contained the following spells:

 Spells                   Type           Power        Failure   Level  Hunger
 Swiftness                Chrm/Air       #.......     13%         2    ###....
 Static Discharge         Conj/Air       ##......     19%         3    ###....
 Airstrike                Air            ###.......   30%         4    #####..
 Lightning Bolt           Conj/Air       ##........   87%         5    ######.


Dungeon Overview and Level Annotations

Branches:
Dungeon (2/15)

Altars:


Innate Abilities, Weirdness & Mutations

You have a beak for a mouth.
You have claws for feet.


Message History

Confirm with . or Enter, or press ? or * to list all spells.
Aiming: Shock (safe; 6% risk of failure)
Press: ? - help, Shift-Dir - straight line, f/p - worm
Aim: a worm (poisoned)
The zap hits the worm.
The worm is moderately wounded.
The zap hits the worm.
The worm is heavily wounded.
Casting: Shock (safe; 6% risk of failure)
Confirm with . or Enter, or press ? or * to list all spells.
Aiming: Shock (safe; 6% risk of failure)
Press: ? - help, Shift-Dir - straight line, f/p - worm
Aim: a worm (heavily wounded, poisoned)
The zap hits the worm.
The worm is severely wounded.
The zap hits the worm.
The worm is almost dead.
The worm bites you!
Ouch! That really hurt!
You die...

#+ #.# # #.# ###
#.##.##
##.####(#
#.#.#...##
#...@w.(#
........#
##.######
#####....## #.#
........#.# #.#
######.#.#####.#
#.#.......#
#.######### #.#
######.#


You could see a worm.

Vanquished Creatures
  A worm (D:2)
  A kobold (D:1)
  2 bats (D:1)
  A goblin (D:2)
5 creatures vanquished.

Notes
Turn   | Place    | Note
-------+----------+-------------------------------------------
     0 | D:1      | tilp the Tengu Air Elementalist began the quest for the
                  | Orb.
     0 | D:1      | Reached XP level 1. HP: 10/10 MP: 4/4
   547 | D:2      | Reached XP level 2. HP: 15/15 MP: 0/6
   850 | D:2      | Slain by a worm

Levels and vault maps discovered:
D:1:      saegor_arrival_miasma, layout_rooms
D:2:      layout_loops_corners, serial_park_tiny_2, uniq_sigmund, uniq_terence

Action                   || total
-------------------------++-------
Throw: Dart              ||     5
 Cast: Shock             ||    14
Armor: Robe              ||     2
Dodge: Dodged            ||     5

Table legend:
 A = Non-vault XP
 B = Vault XP
 C = Vault XP percentage of total XP
 D = Non-vault monster count
 E = Vault monster count
 F = Vault count percentage of total count
                 A         B        C        D         E       F
            +---------+---------+-------+---------+---------+-------
      Total |      11 |       0 |   0.0 |       5 |       0 |   0.0
            +---------+---------+-------+---------+---------+-------
        D:1 |       5 |       0 |   0.0 |       3 |       0 |   0.0
        D:2 |       6 |       0 |   0.0 |       2 |       0 |   0.0
            +---------+---------+-------+---------+---------+-------
